 Dungeon Crawl Stone Soup version 0.24.0-29-g8ce449bc06 (webtiles) character file.

Game seed: 7556354171241883685, levelgen mode: deterministic

46389 Nattfarinn the Earth Mage (level 14, -3/91 HPs)
             Began as a Gargoyle Earth Elementalist on Nov 15, 2019.
             Was a High Priest of Vehumet.
             Engulfed by a cloud of freezing vapour (34 damage)
             ... on level 4 of the Lair of Beasts.
             The game lasted 00:59:02 (19441 turns).

Nattfarinn the Earth Mage (GrEE)                   Turns: 19441, Time: 00:59:03

Health: -3/91      AC: 23    Str: 16    XL:     14   Next: 37%
Magic:  5/27       EV: 15    Int: 19    God:    Vehumet [*****.]
Gold:   1150       SH:  0    Dex: 10    Spells: 12/31 levels left

rFire    . . .     SeeInvis .   D - +2 scythe (venom)
rCold    . . .     Gourm    .   (shield currently unavailable)
rNeg     + . .     Faith    .   S - +0 troll leather armour
rPois    ∞         Spirit   .   J - +2 hat {MR+}
rElec    +         Reflect  .   W - +1 cloak
rCorr    +         Harm     .   (no gloves)
MR       ++...                  T - +2 pair of boots
Stlth    ++........             (no amulet)
HPRegen  0.65/turn              i - +2 ring of strength
MPRegen  0.20/turn              X - ring of resist corrosion

@: flying
A: big wings, negative energy resistance 1, electricity resistance, unbreathing,
petrification resistance, rot immunity, AC +10
a: Stop Flying, Renounce Religion


You were on level 4 of the Lair of Beasts.
You worshipped Vehumet.
Vehumet was extremely pleased with you.
You were not hungry.

You visited 3 branches of the dungeon, and saw 19 of its levels.

You collected 1150 gold pieces.

Inventory:

Hand Weapons
 f - the +4 long sword of the Firefly {slice, rPois rC++ MP-9 Dex+3}
   (You found it on level 3 of the Lair of Beasts)

   It inflicts extra damage upon your enemies.
   It affects your dexterity (+3).
   It greatly protects you from cold.
   It protects you from poison.
   It affects your magic capacity (-9).
 D - a +2 scythe of venom (weapon)
Missiles
 r - 14 stones (quivered)
Armour
 H - a +0 cloak
 J - a +2 hat of magic resistance (worn)
 S - a +0 troll leather armour (worn)
 T - a +2 pair of boots (worn)
 W - a +1 cloak (worn)
Magical Staves
 E - an uncursed staff of poison
Jewellery
 i - a +2 ring of strength (left hand)
 o - an uncursed ring of fire
 K - an uncursed ring of protection from magic
 L - an uncursed ring of stealth
 P - an uncursed ring of stealth
 X - a ring of resist corrosion (right hand)
Wands
 l - a wand of flame (8)
 m - a wand of acid (14)
 t - a wand of clouds (4)
 B - a wand of random effects (23)
 N - a wand of digging (9)
 O - a wand of iceblast (8)
 Z - a wand of paralysis (5)
Scrolls
 e - 6 scrolls of teleportation
 h - 12 scrolls of remove curse
 v - 2 scrolls of noise {unknown}
 w - 2 scrolls of magic mapping {unknown}
 x - a scroll of enchant weapon {unknown}
 y - a scroll of fog {unknown}
 F - 2 scrolls of immolation {unknown}
 M - a scroll of silence {unknown}
 R - 3 scrolls of amnesia
 U - a scroll of vulnerability {unknown}
 V - 2 scrolls of torment {unknown}
 Y - a scroll of blinking {unknown}
Potions
 a - 4 potions of magic
 b - a potion of berserk rage {unknown}
 g - 2 potions of haste {unknown}
 j - 4 potions of flight
 k - 4 potions of curing
 n - 3 potions of invisibility {unknown}
 p - 3 potions of lignification
 q - a potion of mutation {unknown}
 s - 2 potions of brilliance {unknown}
 u - 7 potions of heal wounds
 z - 2 potions of resistance {unknown}
 A - 3 potions of might
Miscellaneous
 Q - a lightning rod (4/4)
Comestibles
 c - 7 chunks of flesh
 d - 16 rations


   Skills:
 - Level 11.7 Fighting
 - Level 9.0 Armour
 + Level 8.2 Dodging
 - Level 2.1 Stealth
 - Level 9.1 Spellcasting
 - Level 9.0 Conjurations
 - Level 0.7 Transmutations
 - Level 15.7 Earth Magic


You had 12 spell levels left.
You knew the following spells:

 Your Spells              Type           Power        Failure   Level  Hunger
a - Sandblast             Erth           ######       0%          1    None
b - Stone Arrow           Conj/Erth      ######       1%          3    None
c - Lee's Rapid Deconstr  Erth           ######....   1%          5    #####..
d - Petrify               Tmut/Erth      #####...     3%          4    ###....
e - Iron Shot             Conj/Erth      ######....   2%          6    ######.

Your spell library contained the following spells:

 Spells                   Type           Power        Failure   Level  Hunger
 Bolt of Cold             Conj/Ice       ####......   47%         6    ######.
 Shock                    Conj/Air       ####         1%          1    None
 Passwall                 Tmut/Erth      #####...     1%          2    None
 Static Discharge         Conj/Air       ####....     1%          3    None
 Bolt of Magma            Conj/Fire/Erth #####.....   2%          5    #####..
 Leda's Liquefaction      Hex/Erth       #####.....   3%          4    ###....
 Beastly Appendage        Tmut           ##....       7%          1    None
 Inner Flame              Hex/Fire       #.......     8%          3    None
 Corona                   Hex            #......      10%         1    None
 Sticks to Snakes         Tmut           ##......     11%         2    None
 Iskenderun's Battlesphe  Conj/Chrm      ####....     11%         5    #####..
 Lightning Bolt           Conj/Air       ####......   11%         5    #####..
 Venom Bolt               Conj/Pois      ####......   11%         5    #####..
 Slow                     Hex            #.......     14%         2    None
 Swiftness                Chrm/Air       #.......     14%         2    None
 Spider Form              Tmut/Pois      ##........   24%         3    None
 Airstrike                Air            #.........   24%         4    ###....
 Portal Projectile        Hex/Tloc       #.....       28%         3    None
 Orb of Destruction       Conj           #####.....   43%         7    #######
 Ice Form                 Ice/Tmut       ##......     63%         4    ###....
 Cause Fear               Hex            #.........   67%         4    ###....
 Blade Hands              Tmut           ##........   88%         5    #####..
 Spellforged Servitor     Conj/Summ      ####......   95%         7    #######


Dungeon Overview and Level Annotations

Branches:
Dungeon (14/15)            Temple (1/1) D:5            Lair (4/6) D:10
 Shoals (0/4) Lair:2       Spider (0/4) Lair:2          Orc (0/2) D:11
 Vaults: D:13-14

Altars:
Ashenzari
Cheibriados
Dithmenos
Elyvilon
Fedhas
Gozag
Hepliaklqana
Kikubaaqudgha
Makhleb
Nemelex Xobeh
Okawaru
Qazlal
Ru
Sif Muna
Trog
Uskayaw
Vehumet
Wu Jian
Xom
Yredelemnul
Zin
The Shining One

Shops:
D:8 %[*   D:12 *

Annotations:
D:6 2 runed translucent doors, tony01's ghost, novice OpTm
D:7 2 transporters, EnegeticOcto's ghost, novice MiFi


Innate Abilities, Weirdness & Mutations

You are resistant to torment.
Your stone body is resilient. (AC +10)
You are immune to poison.
Your large and strong wings let you fly indefinitely.
You resist negative energy. (rN+)
You are resistant to electric shocks. (rElec)
You can survive without breathing.
You are immune to petrification.
You are immune to rotting.


Message History

Press: ? - help, Shift-Dir - straight line, f/p - ice dragon
Aim: an ice dragon (severely wounded, catching its breath)
The stone arrow hits the ice dragon!!
The ice dragon is almost dead.
The ice dragon bites you! The ice dragon misses you.
The ice dragon tramples you but does no damage.
Casting: Stone Arrow (safe; 1% risk of failure)
Confirm with . or Enter, or press ? or * to list all spells.
Aiming: Stone Arrow (safe; 1% risk of failure)
Press: ? - help, Shift-Dir - straight line, f/p - ice dragon
Aim: an ice dragon (almost dead)
The stone arrow hits the ice dragon!
The ice dragon is almost dead.
The ice dragon breathes frost at you. The blast of cold hits you!!
You slash the ice dragon!
You kill the ice dragon!
Vehumet accepts your kill.
You feel your power returning.
You are engulfed in freezing vapours.
You die...

..........÷....#..≈≈#
...................≈#
.........^.......⌠..#
....................#
....................#
##....#..........≈≈≈## .>
##.P...........≈.≈≈≈≈#..#
......##.....#..≈≈≈≈≈≈≈#
.............##.@†≈≈≈###
#...............≈≈#.≈≈≈≈
P≈≈P≈P.......#.#.≈≈#.≈≈≈
P≈P≈P≈.......###..≈≈≈≈≈≈
≈P≈P≈...... ..#.≈≈≈.≈
≈PPPP...... #.......#.≈
≈≈P≈P...... ....#......
≈P≈P....... ........#...
≈P≈≈PP..... .............


There were no monsters in sight!

Vanquished Creatures
  Gastronok (D:9)
  A dire elephant (Lair:2)
  An ice dragon (Lair:4)
  2 hydras
  4 two-headed ogres
  3 centaur warriors
  2 death yaks (Lair:4)
  Urug (D:12)
  Sonja (D:13)
  An unseen horror (D:10)
  Pikel (D:7)
  2 wolf spider zombies (D:13)
  2 ugly things (D:13)
  A cyclops (D:12)
  A manticore (Lair:2)
  15 elephants
  3 black mambas (Lair:3)
  A gargoyle (D:14)
  7 spiny frogs
  5 komodo dragons
  2 kobold demonologists (D:12)
  A rime drake (Lair:2)
  A jumping spider (Lair:2)
  2 hornets
  2 trolls
  5 hippogriffs
  7 blink frogs
  Sigmund (D:6)
  A spriggan (Lair:2)
  A shadow (D:11)
  3 wyverns
  A water elemental (D:11)
  36 yaks
  2 basilisks
  A human (D:11)
  A hungry ghost (D:11)
  2 soldier ants
  7 water moccasins
  A warg (D:11)
  2 ice beasts (D:13)
  6 orc warriors
  4 porcupines
  A slave (D:7)
  4 sky beasts
  2 eyes of draining
  2 black bears
  3 necrophages
  6 phantoms
  7 ogres
  9 centaurs
  9 wolves
  8 crocodiles
  3 big kobolds
  Blork the orc (D:6)
  13 bullfrogs
  A water moccasin skeleton (D:7)
  A wyvern skeleton (D:12)
  3 scorpions
  4 wights (D:12)
  7 howler monkeys
  6 electric eels (D:11)
  12 crimson imps
  3 bullfrog zombies
  9 hounds
  A gnoll shaman (D:10)
  8 orc priests
  3 jellies
  10 orc wizards
  5 bullfrog skeletons
  3 centaur skeletons
  An iguana (D:5)
  13 worker ants
  A hound skeleton (D:6)
  2 worker ant zombies
  11 gnolls
  10 adders
  A shadow imp (D:9)
  2 white imps (Lair:4)
  An ooze (D:6)
  3 adder zombies
  2 adder skeletons
  4 worms
  A dart slug (D:1)
  7 leopard geckos
  45 orcs
  2 ball pythons
  8 giant cockroaches
  7 goblins
  4 hobgoblins
  11 jackals
  17 kobolds
  4 quokkas
  7 bats
  3 frilled lizards (D:1)
  A giant cockroach zombie (D:4)
  4 rats
460 creatures vanquished.

Vanquished Creatures (others)
  An unseen horror (D:12)
  38 fungi
  14 plants
53 creatures vanquished.

Grand Total: 513 creatures vanquished

Notes
Turn   | Place    | Note
-------+----------+-------------------------------------------
     0 | D:1      | Nattfarinn the Gargoyle Earth Elementalist began the quest
                  | for the Orb.
     0 | D:1      | Reached XP level 1. HP: 10/10 MP: 3/3
    39 | D:1      | Reached XP level 2. HP: 15/15 MP: 0/5
    79 | D:1      | Reached skill level 1 in Armour
   150 | D:1      | Reached skill level 4 in Earth Magic
   322 | D:1      | Reached XP level 3. HP: 19/19 MP: 4/6
  1566 | D:2      | Found a sparkling altar of Nemelex Xobeh.
  1566 | D:2      | Found a blossoming altar of Fedhas.
  1891 | D:3      | Reached XP level 4. HP: 19/24 MP: 7/7
  2077 | D:3      | Found a faded altar of an unknown god.
  2817 | D:4      | Noticed an ogre
  2820 | D:4      | Reached skill level 5 in Earth Magic
  2823 | D:4      | Killed an ogre
  2823 | D:4      | Reached XP level 5. HP: 28/28 MP: 2/9
  3040 | D:4      | Found a shimmering altar of Xom.
  3087 | D:4      | Reached XP level 6. HP: 32/32 MP: 5/10
  3271 | D:4      | Reached skill level 6 in Earth Magic
  3466 | D:5      | Entered Level 5 of the Dungeon
  3501 | D:5      | Reached XP level 7. HP: 33/36 MP: 6/12
  3612 | D:5      | Reached skill level 5 in Armour
  3668 | D:5      | Reached skill level 7 in Earth Magic
  3675 | D:5      | Found a staircase to the Ecumenical Temple.
  3703 | Temple   | Entered the Ecumenical Temple
  3894 | Temple   | Became a worshipper of Vehumet
  4187 | D:5      | Reached XP level 8. HP: 20/41 MP: 6/14
  4421 | D:5      | Learned a level 3 spell: Stone Arrow
  4436 | D:5      | Found a shadowy altar of Dithmenos.
  4675 | D:6      | Noticed Blork the orc
  4682 | D:6      | Noticed Sigmund
  4686 | D:6      | Killed Sigmund
  4686 | D:6      | Reached skill level 8 in Earth Magic
  4696 | D:6      | Killed Blork the orc
  4815 | D:6      | Found a sacrificial altar of Ru.
  4817 | D:6      | Found a burning altar of Makhleb.
  5244 | D:6      | Found a shattered altar of Ashenzari.
  5416 | D:6      | Reached skill level 9 in Earth Magic
  5700 | D:6      | Found a large runed translucent door.
  5700 | D:6      | Found a large runed translucent door.
  5703 | D:6      | Noticed tony01's ghost (novice OpTm)
  5886 | D:6      | Found a shimmering blue altar of Sif Muna.
  5887 | D:6      | Found an ornate altar of the Wu Jian Council.
  5927 | D:6      | Reached XP level 9. HP: 45/45 MP: 12/16
  5929 | D:6      | Reached * piety under Vehumet
  5929 | D:6      | Offered knowledge of Magic Dart by Vehumet.
  5929 | D:6      | Reached skill level 5 in Spellcasting
  6280 | D:7      | Found a transporter.
  6283 | D:7      | Found a transporter.
  6338 | D:7      | Found a bloodstained altar of Trog.
  6348 | D:7      | Noticed a two-headed ogre
  6354 | D:7      | Killed a two-headed ogre
  6354 | D:7      | Reached skill level 10 in Earth Magic
  6913 | D:7      | Noticed a hornet
  6920 | D:7      | Noticed EnegeticOcto's ghost (novice MiFi)
  7194 | D:7      | Noticed Pikel
  7207 | D:7      | Killed Pikel
  7207 | D:7      | Reached XP level 10. HP: 12/54 MP: 13/18
  7447 | D:7      | Found a glowing golden altar of the Shining One.
  7610 | D:8      | Found Ryduedd's Armour Shop.
  7656 | D:7      | Reached skill level 11 in Earth Magic
  7929 | D:8      | You fall into a shaft and drop 2 floors!
  7929 | D:10     | Entered Level 10 of the Dungeon
  7959 | D:10     | Offered knowledge of Searing Ray by Vehumet.
  7961 | D:10     | Reached ** piety under Vehumet
  8241 | D:9      | Noticed Gastronok
  8260 | D:9      | Killed Gastronok
  8260 | D:9      | Reached skill level 5 in Fighting
  8260 | D:9      | Reached skill level 12 in Earth Magic
  8621 | D:8      | Found Xiatozam's Food Shop.
  8708 | D:8      | Found a stormy altar of Qazlal.
  9122 | D:8      | Found Nel Yros's General Store.
  9140 | D:8      | Offered knowledge of Throw Flame by Vehumet.
  9404 | D:8      | Reached XP level 11. HP: 65/66 MP: 21/21
 10069 | D:10     | Noticed a two-headed ogre
 10074 | D:10     | Killed a two-headed ogre
 10074 | D:10     | Reached *** piety under Vehumet
 10108 | D:10     | Learned a level 5 spell: Lee's Rapid Deconstruction
 10241 | D:10     | Noticed a centaur warrior
 10248 | D:10     | Killed a centaur warrior
 10248 | D:10     | Reached skill level 13 in Earth Magic
 10606 | D:10     | Found a staircase to the Lair.
 11113 | D:10     | Killed an unseen horror
 11351 | D:11     | Offered knowledge of Throw Icicle by Vehumet.
 11574 | D:11     | Reached **** piety under Vehumet
 11716 | D:11     | Reached skill level 14 in Earth Magic
 11740 | D:11     | Offered knowledge of Mephitic Cloud by Vehumet.
 11823 | D:11     | Reached XP level 12. HP: 73/76 MP: 19/24
 12031 | D:11     | Found a staircase to the Orcish Mines.
 12531 | D:12     | Reached skill level 10 in Fighting
 12824 | D:12     | Found Yteboi's Elemental Accessories.
 12869 | D:12     | Noticed Urug
 12876 | D:12     | Learned a level 4 spell: Petrify
 13065 | D:12     | Killed Urug
 13548 | D:13     | Noticed a two-headed ogre
 13551 | D:13     | Killed a two-headed ogre
 13584 | D:13     | Reached ***** piety under Vehumet
 13617 | D:13     | Noticed a two-headed ogre
 13624 | D:13     | Offered knowledge of Iskenderun's Battlesphere by Vehumet.
 13624 | D:13     | Reached skill level 15 in Earth Magic
 13625 | D:13     | Killed a two-headed ogre
 14211 | D:13     | Noticed a centaur warrior
 14218 | D:13     | Killed a centaur warrior
 14326 | D:13     | Noticed Sonja
 14333 | D:13     | Killed Sonja
 14336 | D:13     | Reached XP level 13. HP: 84/84 MP: 4/26
 14634 | D:14     | Reached skill level 1 in Conjurations
 14652 | D:14     | Noticed a vault guard
 14661 | D:14     | Noticed a vault guard
 14890 | Lair:1   | Entered Level 1 of the Lair of Beasts
 15138 | Lair:1   | Reached skill level 5 in Conjurations
 16024 | Lair:2   | Offered knowledge of Iskenderun's Mystic Blast by Vehumet.
 16435 | Lair:2   | Found a staircase to the Shoals.
 16648 | Lair:2   | Noticed a dire elephant
 16660 | Lair:2   | Found a hole to the Spider Nest.
 16662 | Lair:2   | Killed a dire elephant
 17665 | Lair:3   | Reached skill level 5 in Dodging
 17972 | Lair:3   | Gained mutation: Your large and strong wings let you fly
                  | indefinitely. [Gargoyle growth]
 17972 | Lair:3   | Reached XP level 14. HP: 91/91 MP: 22/27
 18384 | Lair:3   | Learned a level 6 spell: Iron Shot
 18424 | Lair:3   | Offered knowledge of Bolt of Cold by Vehumet.
 18440 | Lair:3   | Got a polished long sword
 18441 | Lair:3   | Identified the +4 long sword of the Firefly {slice, rPois
                  | rC++ MP-9 Dex+3} (You found it on level 3 of the Lair of
                  | Beasts)
 19441 | Lair:4   | Engulfed by a cloud of freezing vapour

Levels and vault maps discovered:
D:1:      wheals_arrival_shading, layout_basic, serial_glass, glass_columns_a,
          glass_columns_c, minmay_pentomino_o2
D:2:      layout_basic, gammafunk_temple_overflow_pools
D:3:      layout_rooms, chequers_ecumenical_altar_lobes
D:4:      layout_basic, serial_curves, eino_curves_04, eino_curves_01,
          first_ration, led_xom_imps
D:5:      layout_basic, overflow_temple_1_default,
          minmay_temple_entry_antechambers
D:6:      cheibrodos_iron_armory, layout_cave_pods, evilmike_ruin_ashenzari,
          minitemple, ebering_ghost_disaster_area, uniq_sigmund,
          uniq_blork_the_orc
D:7:      layout_basic, nicolae_tso_swordbearing_angel, kennysheep_mini_moat,
          gammafunk_ghost_hive, grunt_ogre_cave, uniq_pikel
D:8:      layout_loops_ring, serial_shops, nicolae_shop_crystal, shop, shop,
          nicolae_sextant, grunt_qazlal_sundering
D:9:      layout_grid_maze, uniq_gastronok
D:10:     layout_irregular_city, david_lair_generic, serial_park_tiny_1,
          kennysheep_generic_room_12
D:11:     layout_basic, erik_orc_4
D:12:     layout_small_grid, nicolae_elemental_shop, uniq_urug
D:13:     layout_basic, feat_on_display, uniq_sonja
D:14:     layout_basic, lightli_vaults_fourway_checkpoint, basic_altar,
          kennysheep_small_spiral
Temple:   minmay_temple_forest_path
Lair:1:   layout_regular_city
Lair:2:   mu_elephants_graveyard, layout_hall_layers,
          minmay_shoals_entry_beasts, spider_nest_entry_rubble, minivault_23
Lair:3:   layout_roguey, grunt_megastairs_2
Lair:4:   layout_regular_city, bobbens_ice_dragon_lair, grunt_megastairs_4,
          serial_bayou_shore_a

Skill      XL: |  1  2  3  4  5  6  7  8  9 10 11 12 13 14 |
---------------+-------------------------------------------+-----
Armour         | 1 2 3 4 5 7 9 |  9.0
Earth Magic    | 4 5 6 7 9 10 12 14 15 | 15.7
Spellcasting   | 3 4 5 7 8 9 |  9.1
Fighting       | 2 6 9 11 | 11.7
Conjurations   | 9 |  9.0
Dodging        | 5 8 |  8.2
Stealth        | |  2.1
Transmutations | |  0.7

Action                   |  1- 3 |  4- 6 |  7- 9 | 10-12 | 13-15 || total
-------------------------+-------+-------+-------+-------+-------++-------
Melee: Whip              |   100 |       |       |       |       ||   100
       Unarmed           |     3 |       |       |       |       ||     3
       Dagger            |    16 |    71 |     1 |       |       ||    88
       Scythe            |       |       |    63 |   204 |   100 ||   367
       Staff             |       |       |       |       |     1 ||     1
       Rapier            |       |       |       |       |    35 ||    35
 Cast: Sandblast         |    26 |    46 |   110 |   286 |    82 ||   550
       Stone Arrow       |       |       |       |    17 |   159 ||   176
       Lee's Rapid Decon |       |       |       |    44 |    26 ||    70
       Petrify           |       |       |       |     3 |     1 ||     4
       Iron Shot         |       |       |       |       |    16 ||    16
 Abil: Fly               |       |       |       |       |     1 ||     1
  Use: Scroll            |       |     1 |     5 |    10 |     7 ||    23
       Potion            |       |       |       |     3 |       ||     3
 Stab: Sleeping          |     1 |       |     5 |     5 |     3 ||    14
       Fleeing           |       |       |       |       |     1 ||     1
  Eat: Chunk             |     3 |     6 |    10 |    21 |    20 ||    60
       Ration            |       |       |       |     4 |     3 ||     7
Armor: Robe              |     3 |       |       |       |       ||     3
       Leather armour    |    57 |    32 |    75 |   189 |       ||   353
       Troll leather arm |       |       |       |   143 |   248 ||   391
Dodge: Dodged            |    65 |    49 |   101 |   303 |   291 ||   809
